Map: Amygdala

Players

Krystianer

  • Race: Protoss Protoss
  • League: Master
  • Spawn Location: 1:00

SKillous - Winner!

  • Race: Protoss Protoss
  • League: Master
  • Spawn Location: 7:00

VOD

Have the link to the VOD?

Description

Time

  • Played on: Jan. 5, 2025, 3:41 p.m.
  • Length: 5:56
Show
View Real Time Build Order
Export as new Build Order

Krystianer Protoss 

Build Orders: Oracle Opening 

Get SALT Encoding   

  12  0:00  Probe  
  13  0:12  Probe  
  14  0:17  Pylon  
  14  0:22  Probe  
  15  0:31  Probe  
  16  0:36  Gateway  
  16  0:39  Probe  
  16  0:45  Assimilator  
  17  0:51  Probe  
  17  0:53  Assimilator  
  18  0:59  Probe  
  19  1:06  Gateway  
  19  1:07  Probe  
  19  1:17  Probe  
  20  1:23  Cybernetics Core  
  21  1:29  Probe  
  21  1:32  Pylon  
  22  1:42  Probe  
  23  1:54  Probe  
  24  2:00  Warp Gate  
  26  2:06  Probe  
  29  2:13  Pylon  
  29  2:16  Adept x2  
  29  2:18  Stargate  
  29  2:40  Nexus  
  29  2:44  Probe  
  30  2:52  Adept  
  30  2:53  Oracle  
  30  2:55  Adept  
  37  3:07  Probe  
  38  3:14  Pylon  
  38  3:23  Oracle  
  38  3:24  Probe  
  40  3:38  Probe  
  40  3:40  Twilight Council  
  41  3:50  Probe  
  41  3:52  Probe  
  43  4:00  Stalker  
  43  4:01  Probe  
  43  4:02  Probe  
  44  4:09  Stalker  
  45  4:13  Probe  
  45  4:14  Probe  
  45  4:16  Shield Battery  
  45  4:23  Stalker  
  47  4:25  Probe  
  47  4:30  Probe  
  46  4:33  Stalker  
  46  4:38  Probe  
  49  4:42  Probe  
  47  4:48  Stalker  
  43  5:01  Pylon, Stalker  
  43  5:02  Probe x2  
  44  5:10  Probe  
  44  5:14  Probe  
  39  5:18  Probe  
  37  5:26  Probe  
Show
View Real Time Build Order
Export as new Build Order

SKillous Protoss - Winner!

Build Orders: Phoenix Opening 

Get SALT Encoding   

  12  0:00  Probe  
  13  0:12  Probe  
  14  0:17  Pylon  
  14  0:23  Probe  
  15  0:32  Probe  
  15  0:35  Gateway  
  15  0:40  Probe  
  16  0:45  Assimilator  
  17  0:50  Probe  
  17  0:53  Assimilator  
  18  0:59  Probe  
  19  1:06  Gateway  
  19  1:07  Probe  
  20  1:17  Probe  
  20  1:23  Cybernetics Core  
  21  1:29  Probe  
  21  1:32  Pylon  
  22  1:41  Probe  
  23  1:53  Probe  
  24  1:59  Sentry  
  24  2:00  Warp Gate, Phoenix  
  28  2:14  Nexus  
  28  2:15  Sentry  
  28  2:18  Probe  
  29  2:23  Pylon  
  29  2:28  Stalker  
  31  2:41  Probe, Sentry  
  34  2:53  Probe  
  34  2:55  Stalker  
  34  2:57  Pylon  
  37  3:01  Stalker  
  39  3:15  Probe  
  40  3:25  Probe  
  41  3:27  Probe  
  41  3:29  Pylon  
  41  3:33  Shield Battery  
  42  3:38  Probe  
  42  3:39  Probe  
  44  3:50  Probe  
  44  3:51  Probe  
  44  3:52  Stalker x2  
  44  3:55  Shield Battery  
  49  4:03  Probe  
  49  4:05  Gateway  
  49  4:09  Probe  
  48  4:16  Stalker  
  49  4:18  Stalker  
  49  4:21  Probe  
  52  4:26  Probe  
  53  4:33  Probe  
  53  4:38  Probe  
  55  4:42  Stalker x2  
  55  4:45  Probe  
  55  4:50  Probe  
  56  5:00  Probe  
  56  5:05  Stalker  
  55  5:07  Probe  
  55  5:10  Shield Battery, Stalker x2  
  55  5:12  Probe  
  58  5:15  Probe  
Tags
 
Add a new tag
Caveats
  • Supply blocks, unpowered buildings, or Contaminate may cause inaccurate times.
  • Supply counts are checked every 10 seconds.